 Dungeon Crawl Stone Soup version 0.20-a0-1043-gbd57889 (webtiles) character file.

6549 Gorglomux the Martial Artist (level 11, 0/82 HPs)
             Began as an Octopode Monk on Apr 24, 2017.
             Was an Initiate of Gozag.
             Slain by an unseen horror (11 damage)
             ... on level 11 of the Dungeon.
             The game lasted 00:27:58 (10745 turns).

Gorglomux the Martial Artist (Octopode Monk)       Turns: 10745, Time: 00:27:59

Health: 0/82       AC:  1    Str: 11    XL:     11   Next: 1%
Magic:  11/11      EV: 28    Int: 16    God:    Gozag
Gold:   678        SH:  0    Dex: 24    Spells: 10/10 levels left

rFire    + + .     SeeInvis +     - Unarmed
rCold    . . .     Gourm    .   (no shield)
rNeg     . . .     Faith    .   (helmet restricted)
rPois    .         Spirit   .   (no amulet)
rElec    +         Reflect  .   G - ring of the Gastropod {EV+3 Int+4}
rCorr    .         Harm     .   g - +4 ring of evasion
MR       .....                  r - ring of see invisible {sInv, !d}
Stlth    +++++.....             q - ring of protection from fire {rF+, !d}
Regen    0.3/turn               n - +6 ring of dexterity
MPRegen  0.2/turn               D - +4 ring of evasion
                                m - ring of stealth {Stlth+}
                                L - ring "Cuvvotad" {rElec rF+ Stlth-}

@: very slightly contaminated, invisible
A: almost no armour, stealthy swim, amphibious, 8 rings, constrict 8, camouflage
1, gelatinous body 1
a: Potion Petition, Call Merchant, Bribe Branch, Renounce Religion


You were on level 11 of the Dungeon.
You worshipped Gozag.
Gozag was pleased with you.
You were not hungry.

You visited 2 branches of the dungeon, and saw 12 of its levels.

You collected 1361 gold pieces.
You spent 683 gold pieces at shops.

Inventory:

Missiles
 w - 2 throwing nets {=f, !d}
Armour
 J - a +0 shield
   (You found it on level 10 of the Dungeon)
Jewellery
 c - an uncursed ring of protection from cold {rC+, !d}
   (You found it on level 10 of the Dungeon)
 g - a +4 ring of evasion (right tentacle)
   (You found it on level 1 of the Dungeon)
 m - a ring of stealth (on tentacle) {Stlth+}
   (You found it on level 8 of the Dungeon)
 n - a +6 ring of dexterity (on tentacle)
   (You found it on level 6 of the Dungeon)
 q - a ring of protection from fire (on tentacle) {rF+, !d}
   (You found it on level 5 of the Dungeon)
 r - a ring of see invisible (on tentacle) {sInv, !d}
   (You found it on level 4 of the Dungeon)
 D - a +4 ring of evasion (on tentacle)
   (You found it on level 7 of the Dungeon)
 G - the ring of the Gastropod (left tentacle) {EV+3 Int+4}
   (You bought it in a shop on level 6 of the Dungeon)

   [ring of evasion]

   It affects your evasion (+3).
   It affects your intelligence (+4).
 L - the ring "Cuvvotad" (on tentacle) {rElec rF+ Stlth-}
   (You found it on level 10 of the Dungeon)

   [ring of loudness]

   It protects you from fire.
   It insulates you from electricity.
   It makes you less stealthy.
Wands
 t - a wand of enslavement (0/24)
   (You found it on level 4 of the Dungeon)
 y - a wand of polymorph (9/24)
   (You found it on level 6 of the Dungeon)
 C - a wand of polymorph (6/24)
   (You found it on level 6 of the Dungeon)
 K - a wand of paralysis (16/24)
   (You found it on level 10 of the Dungeon)
 M - a wand of random effects (17/48)
   (You found it on level 10 of the Dungeon)
Scrolls
 e - 2 scrolls of enchant armour
 k - 4 scrolls of remove curse
 l - 4 scrolls of teleportation
 p - a scroll of brand weapon {unknown}
 s - 2 scrolls of immolation {unknown}
 x - 5 scrolls of identify
 A - 2 scrolls of recharging {unknown}
 H - a scroll of blinking {unknown}
 O - a scroll of fog {unknown}
 P - a scroll of fear {unknown}
Potions
 f - 7 potions of curing
 h - 2 potions of heal wounds
 i - 2 potions of agility
 j - 4 potions of haste
 z - a potion of magic {unknown}
 E - a potion of cancellation
 F - a potion of lignification {unknown}
 N - a potion of flight {unknown}
Books
 b - a book of Geomancy
   (You found it on level 8 of the Dungeon)
 v - a book of Conjurations
   (You found it on level 5 of the Dungeon)
 B - the Grimoire of Congealing Dislocation
   (You found it on level 6 of the Dungeon)

   Spells                             Type                      Level
   a - Portal Projectile              Hexes/Translocation          3
   b - Gell's Gravitas                Translocation                3
   c - Lesser Beckoning               Translocation                3
   d - Teleport Other                 Translocation                3
   e - Throw Icicle                   Conjuration/Ice              4
   f - Passage of Golubria            Translocation                4
Comestibles
 a - 11 bread rations {@e1@e1}
 o - 6 meat rations {@e2@e2}
 u - 11 fruits
 I - a royal jelly


   Skills:
 * Level 10.9 Fighting
 + Level 5.0 Dodging
 - Level 5.3 Stealth
 + Level 12.2 Unarmed Combat


You had 10 spell levels left.
You didn't know any spells.

Dungeon Overview and Level Annotations

Branches:
Dungeon (11/15)            Temple (1/1) D:5            Lair (0/6) D:11
    Orc (0/2) D:9

Altars:
Ashenzari
Cheibriados
Dithmenos
Elyvilon
Fedhas
Gozag
Hepliaklqana
Kikubaaqudgha
Makhleb
Nemelex Xobeh
Okawaru
Qazlal
Ru
Sif Muna
Trog
Uskayaw
Vehumet
Wu Jian
Xom
Yredelemnul
Zin
The Shining One

Shops:
D:4 (   D:5 :[}(?   D:6 =

Annotations:
D:4 exclusion: Eustachio, Eustachio
D:5 1 exclusion


Innate Abilities, Weirdness & Mutations

You cannot wear most types of armour.
You are very stealthy in the water. (Stealth+)
You are amphibious.
You can wear up to eight rings at the same time.
You can use your tentacles to constrict eight enemies at once.
Your skin changes colour to match your surroundings (Stealth+).
Your rubbery body absorbs attacks. (AC +1, EV +1)


Message History

Health restored: 82 You now have 627 gold pieces (gained 8).
You see here 4 exploding tomahawks.
You now have 641 gold pieces (gained 14).
You see here 5 exploding tomahawks.
You see here 4 exploding tomahawks.
You now have 654 gold pieces (gained 13).
You see here 4 exploding tomahawks.
You open the door.
There is an open door here.
N - a fizzy golden potion Done exploring.
Done exploring.
Done exploring.
(D) Dungeon (T) Temple (O) Orcish Mines
Where to? (Enter - D:10 @ (x,y), ? - help)
Items here: ( )) [ an uncursed quarterstaff; an uncursed hunting sling; 23 sling bullets a leather armour
There is a stone staircase leading down here.
You climb downwards.
Found a staircase to the Lair and a stone staircase leading down.
There is a stone staircase leading up here.
You open the door.
There is an open door here.
An orc comes into view. It is wielding a club.
An orc is nearby!
Found a stone staircase leading down.
No target in view!
No target in view!
The helpless orc fails to defend itself.
You bludgeon the orc!
You kill the orc!
No target in view!
You now have 661 gold pieces (gained 7).
You see here a club.
O - a scroll labeled XEFUBECUIJ
Found a stormy altar of Qazlal.
P - a scroll labeled YCSOJO ASUON You now have 678 gold pieces (gained 17).
x - 5 scrolls of identify (gained 1)
An unseen horror comes into view.
An unseen horror is nearby!
An unseen horror is nearby!
The unseen horror misses you. The unseen horror hits you.
You take 1 damage, and have 81/82 hp.
A cyclops comes into view.
The cyclops shouts!
The unseen horror hits you!
Found a stone staircase leading up.
You take 11 damage, and have 70/82 hp.
You closely miss the unseen horror. You grab the unseen horror.
You constrict the unseen horror. The unseen horror barely misses you.
The unseen horror misses you.
The unseen horror struggles to escape constriction.
You tentacle-slap the unseen horror but do no damage.
You constrict the unseen horror.
The unseen horror completely misses you.
The unseen horror escapes!
The unseen horror completely misses you.
The cyclops throws a large rock.
The large rock hits you!!
You see here a large rock {!d}.
You take 32 damage, and have 38/82 hp.
MASSIVE DAMAGE!!
The unseen horror completely misses you.
The unseen horror hits you!
You take 11 damage, and have 28/82 hp.
You open the door. The unseen horror hits you!
* * * LOW HITPOINT WARNING * * *
The unseen horror hits you.
* * * LOW HITPOINT WARNING * * *
You take 11 damage, and have 17/82 hp.
The unseen horror misses you. x2
There is an open door here.
The unseen horror barely misses you.
You fade into invisibility!
The unseen horror completely misses you.
You are very lightly contaminated with residual magic.
The unseen horror closely misses you.
You tentacle-slap the unseen horror. Your grab misses the unseen horror.
You tentacle-slap the unseen horror, but do no damage.
You squeeze the unseen horror!
The unseen horror completely misses you.
The unseen horror closely misses you.
You bludgeon the unseen horror! You grab the unseen horror.
You tentacle-slap the unseen horror. You constrict the unseen horror.
The unseen horror completely misses you.
The unseen horror escapes!
The unseen horror completely misses you.
You barely miss the unseen horror. Your grab misses the unseen horror.
Your squeeze misses the unseen horror. The unseen horror misses you.
You tentacle-slap the unseen horror but do no damage.
Your grab misses the unseen horror. Your squeeze misses the unseen horror.
The unseen horror completely misses you.
The unseen horror hits you!
* * * LOW HITPOINT WARNING * * *
You take 9 damage, and have 10/82 hp.
The unseen horror hits you!
You die...
Your body crumbles into a pile of gold.

#....##..........#
#................#
#....##.....##...#
#....#########...#
#...........+....#
#...........#....#
#...........#....#
#..x........#....#
#>..@##.....##...#
#....#####'###...#
#.....#....C)....#
#.....#.x........#
#<....#....(.....#
#.....#..........#
#.....#..........#
#.>...#....C...%.#
#.....#..........#


You could see an unseen horror (invisible).

Vanquished Creatures
  A two-headed ogre (D:8)
  An ugly thing (D:10)
  Joseph (D:10)
  A centaur skeleton (D:10)
  2 trolls (D:9)
  A spriggan (D:7)
  A water moccasin (D:8)
  2 orc warriors (D:8)
  A black bear (D:8)
  An ice beast (D:6)
  4 sky beasts
  6 ogres
  5 centaurs
  4 big kobolds
  5 bullfrogs
  A water moccasin zombie (D:9)
  A scorpion (D:9)
  3 wights (D:8)
  2 howler monkeys
  5 crimson imps
  A quasit (D:9)
  2 centaur zombies
  A gnoll shaman (D:9)
  3 orc priests
  2 bullfrog skeletons (D:7)
  6 hounds
  3 orc wizards
  Jessica (D:3)
  4 worker ants
  2 killer bee zombies (D:6)
  A hound zombie (D:10)
  A hound skeleton (D:8)
  A howler monkey skeleton (D:5)
  9 adders
  12 gnolls
  2 shadow imps
  An ooze (D:8)
  2 adder zombies
  An adder skeleton (D:5)
  2 worms
  3 dart slugs
  7 leopard geckos
  26 orcs
  2 ball pythons (D:1)
  10 bats
  8 giant cockroaches
  9 goblins
  8 hobgoblins
  8 jackals
  2 quokkas (D:3)
  8 frilled lizards
  A jackal zombie (D:7)
  17 kobolds
  A leopard gecko zombie (D:7)
  A quokka skeleton (D:5)
  11 rats
227 creatures vanquished.

Vanquished Creatures (collateral kills)
  A centaur warrior (D:9)
1 creature vanquished.

Grand Total: 228 creatures vanquished

Notes
Turn   | Place    | Note
-------+----------+-------------------------------------------
     0 | D:1      | Gorglomux the Octopode Monk began the quest for the Orb.
     0 | D:1      | Reached XP level 1. HP: 17/17 MP: 1/1
   154 | D:1      | Reached skill level 1 in Unarmed Combat
   181 | D:1      | Reached XP level 2. HP: 9/22 MP: 2/2
   558 | D:1      | Reached skill level 2 in Unarmed Combat
   773 | D:1      | Reached XP level 3. HP: 21/27 MP: 3/3
  1105 | D:2      | Reached skill level 3 in Unarmed Combat
  1279 | D:2      | Reached XP level 4. HP: 32/33 MP: 4/4
  1516 | D:2      | Found a shattered altar of Ashenzari.
  1516 | D:2      | Found an ancient bone altar of Kikubaaqudgha.
  1769 | D:2      | Reached skill level 4 in Unarmed Combat
  1927 | D:3      | Noticed Jessica
  1934 | D:3      | Killed Jessica
  1934 | D:3      | Reached XP level 5. HP: 30/37 MP: 5/5
  2114 | D:3      | Reached skill level 5 in Unarmed Combat
  2142 | D:3      | Found a basalt altar of Yredelemnul.
  2677 | D:3      | Found a white marble altar of Elyvilon.
  2964 | D:3      | Reached XP level 6. HP: 34/43 MP: 6/6
  3468 | D:4      | Reached skill level 6 in Unarmed Combat
  3512 | D:4      | Noticed Eustachio
  3528 | D:4      | Found a blossoming altar of Fedhas.
  3584 | D:4      | Reached skill level 7 in Unarmed Combat
  3584 | D:4      | Reached XP level 7. HP: 48/48 MP: 7/7
  3667 | D:4      | Found an iron altar of Okawaru.
  3667 | D:4      | Found an ornate altar of the Wu Jian Council.
  3669 | D:4      | Found a blossoming altar of Fedhas.
  3830 | D:4      | Found Wemorph's Weapon Emporium.
  4234 | D:5      | Entered Level 5 of the Dungeon
  4234 | D:5      | Found Asor's Magic Scroll Shop.
  4248 | D:5      | Bought a scroll of identify for 24 gold pieces
  4248 | D:5      | Bought a scroll of enchant armour for 90 gold pieces
  4248 | D:5      | Bought a scroll of identify for 24 gold pieces
  4248 | D:5      | Bought a scroll of remove curse for 36 gold pieces
  4649 | D:5      | Reached skill level 8 in Unarmed Combat
  4658 | D:5      | Found Jugg's Weapon Boutique.
  4815 | D:5      | HP: 8/48 [sky beast (6)]
  4818 | D:5      | Reached XP level 8. HP: 9/54 MP: 8/8
  5085 | D:5      | Found Pelaba's Gadget Shoppe.
  5133 | D:5      | Found a staircase to the Ecumenical Temple.
  5142 | Temple   | Entered the Ecumenical Temple
  5149 | Temple   | Became a worshipper of Gozag Ym Sagoz the Greedy
  5179 | D:5      | Found Vefuetei's Antique Armour Boutique.
  5242 | D:5      | Found Axibosil's Book Emporium.
  5582 | D:6      | Reached skill level 9 in Unarmed Combat
  6104 | D:6      | Identified the Grimoire of Congealing Dislocation
  6203 | D:6      | HP: 8/54 [orc warrior/flail (6)]
  6536 | D:6      | Found Xunic's Jewellery Emporium.
  6845 | D:7      | Reached skill level 10 in Unarmed Combat
  7119 | D:7      | Noticed a spriggan baker
  7122 | D:7      | Killed a spriggan baker
  7177 | D:7      | Reached skill level 5 in Fighting
  7237 | D:7      | Reached XP level 9. HP: 42/61 MP: 9/9
  7460 | D:8      | Reached skill level 6 in Fighting
  7547 | D:8      | Found a sparkling altar of Nemelex Xobeh.
  7640 | D:8      | Noticed a two-headed ogre
  7667 | D:8      | HP: 9/63 [two-headed ogre/giant club (16)]
  7668 | D:8      | Killed a two-headed ogre
  7668 | D:8      | Reached skill level 7 in Fighting
  7668 | D:8      | Reached skill level 11 in Unarmed Combat
  8179 | D:8      | Found a hazy altar of Hepliaklqana.
  8180 | D:8      | Found a shimmering altar of Xom.
  8180 | D:8      | Noticed a tentacled monstrosity
  8181 | D:8      | Noticed a spectral ugly thing
  8181 | D:8      | Noticed a tentacled monstrosity
  8275 | D:8      | Reached skill level 8 in Fighting
  8518 | D:8      | Reached XP level 10. HP: 18/73 MP: 10/10
  8518 | D:8      | HP: 17/73 [poisoned by an adder]
  8856 | D:6      | Bought the ring of the Gastropod {EV+3 Int+4} for 509 gold pieces
  9047 | D:9      | Noticed a centaur warrior
  9059 | D:9      | Killed a centaur warrior
  9059 | D:9      | Reached skill level 9 in Fighting
  9780 | D:9      | Found a staircase to the Orcish Mines.
  9806 | D:9      | Found a radiant altar of Vehumet.
  9830 | D:9      | Reached skill level 10 in Fighting
  9961 | D:10     | Entered Level 10 of the Dungeon
  9997 | D:10     | Noticed Joseph
 10096 | D:10     | Noticed a green ugly thing
 10106 | D:10     | Killed a green ugly thing
 10106 | D:10     | Reached skill level 12 in Unarmed Combat
 10180 | D:10     | Got a sparkling tin ring
 10181 | D:10     | Identified the ring "Cuvvotad" {rElec rF+ Stlth-} (You found it on level 10 of the Dungeon)
 10441 | D:10     | Killed Joseph
 10469 | D:10     | Reached XP level 11. HP: 75/82 MP: 11/11
 10476 | D:10     | Reached skill level 5 in Dodging
 10644 | D:11     | Found a staircase to the Lair.
 10679 | D:11     | Found a stormy altar of Qazlal.
 10721 | D:11     | Noticed an unseen horror
 10727 | D:11     | Noticed a cyclops
 10733 | D:11     | HP: 17/82 [unseen horror (4)]
 10744 | D:11     | HP: 10/82 [unseen horror (9)]
 10745 | D:11     | Slain by an unseen horror

Vault maps used:
D:1:      tarquinn_simple_flora_water_e, grunt_decor_cap
D:2:      gammafunk_temple_overflow_pools, first_bread
D:3:      cheibrodos_helix_gallery, kennysheep_ying_yang, serial_aquarium,
          aquarium_bridge_square, aquarium_bridge_long_separate,
          aquarium_window_1, aquarium_window_2, aquarium_window_fake,
          aquarium_window_fake, aquarium_view_2d, aquarium_view_2b,
          small_statue_intersection, uniq_jessica
D:4:      nicolae_overflow_hidden_temple, serial_forest,
          infiniplex_forest_end_2, infiniplex_forest_end_2,
          infiniplex_forest_clump_double, infiniplex_forest_fountain,
          infiniplex_forest_end_double, infiniplex_forest_3_way,
          infiniplex_forest_straight_4, infiniplex_forest_clump_curved,
          infiniplex_forest_clump_medium, serial_shops, kennysheep_little_box,
          fedhas_altar_3, uniq_eustachio
D:5:      cheibrodos_two_vegetables, minmay_temple_entry_glass, serial_shops,
          kennysheep_mini_moat, kennysheep_mini, nicolae_shop_behind_doors,
          shop_statue, nicolae_shop_crystal, minmay_door_square, tgw_xom
D:6:      serial_shops, nicolae_shop_window_shopping
D:7:      the_bakery
D:8:      regret_index_temple_of_mockery, hangedman_decor_push,
          nemelex_dance_club_becter
D:9:      lemuel_crystal_altar, orc_0_dummy
D:10:     minmay_unpleasant_kobolds, uniq_joseph
D:11:     lair_entry_dummy, solitary_fountain, grunt_qazlal_clouds
Temple:   nicolae_temple_no_exploring_needed

Skill      XL: |  1  2  3  4  5  6  7  8  9 10 11 |
---------------+----------------------------------+-----
Unarmed Combat | 1 2 3 4 5 7 8 10 11 12 | 12.2
Fighting       | 5 8 10 | 10.9
Dodging        | 5 |  5.0
Stealth        | |  5.3

Action                   |  1- 3 |  4- 6 |  7- 9 | 10-12 || total
-------------------------+-------+-------+-------+-------++-------
Melee: Dagger            |    71 |       |       |       ||    71
       Constrict         |    27 |    34 |    63 |    27 ||   151
       Tentacles         |    12 |    29 |    59 |    43 ||   143
       Unarmed           |    15 |   120 |   251 |   137 ||   523
       Punch             |     1 |     4 |    28 |    23 ||    56
Evoke: Wand              |       |       |     4 |     2 ||     6
  Use: Scroll            |     1 |       |    10 |     1 ||    12
       Potion            |       |       |       |     2 ||     2
 Stab: Sleeping          |    12 |    14 |    13 |     2 ||    41
       Distracted        |       |     1 |     4 |       ||     5
  Eat: Chunk             |     1 |     7 |     5 |       ||    13
       Royal jelly       |       |       |     3 |     1 ||     4
       Meat ration       |       |       |     1 |     1 ||     2
Armor: Skin              |     7 |     5 |     2 |     1 ||    15
Dodge: Dodged            |    65 |    88 |   173 |   172 ||   498

Vault maps used:
D:1:      tarquinn_simple_flora_water_e, grunt_decor_cap
D:2:      gammafunk_temple_overflow_pools, first_bread
D:3:      cheibrodos_helix_gallery, kennysheep_ying_yang, serial_aquarium,
          aquarium_bridge_square, aquarium_bridge_long_separate,
          aquarium_window_1, aquarium_window_2, aquarium_window_fake,
          aquarium_window_fake, aquarium_view_2d, aquarium_view_2b,
          small_statue_intersection, uniq_jessica
D:4:      nicolae_overflow_hidden_temple, serial_forest,
          infiniplex_forest_end_2, infiniplex_forest_end_2,
          infiniplex_forest_clump_double, infiniplex_forest_fountain,
          infiniplex_forest_end_double, infiniplex_forest_3_way,
          infiniplex_forest_straight_4, infiniplex_forest_clump_curved,
          infiniplex_forest_clump_medium, serial_shops, kennysheep_little_box,
          fedhas_altar_3, uniq_eustachio
D:5:      cheibrodos_two_vegetables, minmay_temple_entry_glass, serial_shops,
          kennysheep_mini_moat, kennysheep_mini, nicolae_shop_behind_doors,
          shop_statue, nicolae_shop_crystal, minmay_door_square, tgw_xom
D:6:      serial_shops, nicolae_shop_window_shopping
D:7:      the_bakery
D:8:      regret_index_temple_of_mockery, hangedman_decor_push,
          nemelex_dance_club_becter
D:9:      lemuel_crystal_altar, orc_0_dummy
D:10:     minmay_unpleasant_kobolds, uniq_joseph
D:11:     lair_entry_dummy, solitary_fountain, grunt_qazlal_clouds
Temple:   nicolae_temple_no_exploring_needed

Table legend:
 A = Turns spent in this place as a percentage of turns spent in the entire game.
 B = Non-inter-level travel turns spent in this place as a percentage of non-inter-level travel turns spent in the entire game.
 C = Inter-level travel turns spent in this place as a percentage of turns spent in this place.
 D = Turns resting spent in this place as a percentage of non-inter-level travel turns spent in this place.
 E = Turns spent auto-exploring this place as a percentage of non-inter-level travel turns spent in this place.
 F = Non-inter-level travel turns spent in this place divided by the number of levels of this place that you've seen.
                   A       B       C       D       E      F
               +-------+-------+-------+-------+-------+----------------------
         Total | 100.0 | 100.0 |   1.0 |   2.3 |  10.4 | 228.8
       Dungeon |  99.8 |  99.9 |   0.9 |   2.3 |  10.4 | 249.3
        Temple |   0.2 |   0.1 |  33.3 |   0.0 |  25.0 |   4.0
               +-------+-------+-------+-------+-------+----------------------

Table legend:
 A = Kills in this place as a percentage of kills in entire the game.
 B = Kills by you in this place as a percentage of kills by you in the entire game.
 C = Kills by friends in this place as a percentage of kills by friends in the entire game.
 D = Other kills in this place as a percentage of other kills in the entire game.
 E = Experience gained in this place as a percentage of experience gained in the entire game.
 F = Experience gained in this place divided by the number of levels of this place that you have seen.
                   A       B       C       D       E      F
               +-------+-------+-------+-------+-------+----------------------
         Total | 100.0 | 100.0 | 100.0 |  -nan | 100.0 | 779.8
       Dungeon | 100.0 | 100.0 | 100.0 |  -nan | 100.0 | 850.6
               +-------+-------+-------+-------+-------+----------------------
